 Dungeon Crawl Stone Soup version 0.19.0-2-gae57169 (webtiles) character file.

3332 equalderp2856 the Nimble (level 9, -15/46 HPs)
             Began as a Felid Fighter on Nov 6, 2016.
             Shot with an arrow by a centaur warrior (26 damage)
             ... on level 10 of the Dungeon.
             The game lasted 02:06:21 (24867 turns).

equalderp2856 the Nimble (Felid Fighter)           Turns: 24867, Time: 02:06:23

Health: -15/46     AC:  2    Str: 15    XL:     9   Next: 71%
Magic:  13/13      EV: 28    Int: 10    God:
Gold:   353        SH:  0    Dex: 16    Spells: 1 memorised, 11 levels left
                                        Lives:  0   Deaths: 3

rFire  . . .     SeeInvis +       - Unarmed
rCold  . . .     Gourm    .     (armour unavailable)
rNeg   . . .     Faith    .     (shield unavailable)
rPois  .         Spirit   .     (helmet unavailable)
rElec  .         Reflect  .     (cloak unavailable)
rCorr  .         Harm     .     (gloves unavailable)
MR     +....                    (boots unavailable)
Stlth  +++.......               (no amulet)
                                (no ring)
                                (no ring)

@: quick
A: no armour, no weapons or thrown items, stealth, claws 1, fangs 3, see
invisible, carnivore 3, speed 1, shaggy fur 2, slow metabolism 1, sharp paws
a: no special abilities


You were on level 10 of the Dungeon.
You were not hungry.

You visited 2 branches of the dungeon, and saw 12 of its levels.

You collected 353 gold pieces.

Inventory:

Hand Weapons
 h - a +0 dagger
 v - a cursed -1 shortbow
 x - a +1 blowgun
 H - a +0 short sword
 M - a +0 shortbow
 R - a +2 short sword of venom
 Z - a +0 hand crossbow
Missiles
 c - 285 stones
 o - 64 sling bullets
 y - 8 poisoned needles
 G - 200 arrows
 J - 5 tomahawks
 O - 3 curare-tipped needles
Armour
 f - +1 ice dragon scales
 N - a +0 ring mail
Jewellery
 t - a cursed -3 ring of strength {unknown}
 I - an uncursed amulet of harm {unknown}
 X - an uncursed ring of teleportation
Wands
 e - a wand of paralysis (10/24)
 j - a wand of teleportation (4/9)
 m - a wand of lightning (5/15)
 q - a wand of lightning (0/15)
 D - a wand of acid (0/15)
 K - a wand of acid (0/15)
 U - a wand of flame (30/48)
 V - a wand of lightning (8/15)
 W - a wand of slowing (25/48)
 Y - a wand of paralysis (10/24)
Scrolls
 d - 2 scrolls of magic mapping
 s - 5 scrolls of identify
 u - a scroll of remove curse
 A - 3 scrolls of vulnerability {unknown}
 Q - a scroll of noise
Potions
 a - a potion of might
 g - 2 potions of degeneration {unknown}
 l - a potion of resistance {unknown}
 n - a potion of flight {unknown}
 w - 2 potions of agility
 z - 4 potions of lignification {unknown}
 B - a potion of cure mutation {unknown}
 C - a potion of mutation {unknown}
 L - 3 potions of heal wounds {unknown}
 S - 2 potions of curing
Books
 r - a book of Cantrips

   Spells                             Type                      Level
   a - Confusing Touch                Hexes                        1
   b - Animate Skeleton               Necromancy                   1
   c - Summon Small Mammal            Summoning                    1
   d - Apportation                    Translocation                1
 E - Sif Muna's Grimoire of Cold and Hexes
   (You found it on level 7 of the Dungeon)

   Spells                             Type                      Level
   a - Corona                         Hexes                        1
   b - Freeze                         Ice                          1
   c - Fulminant Prism                Conjuration/Hexes            4
   d - Throw Icicle                   Conjuration/Ice              4
   e - Summon Ice Beast               Ice/Summoning                4
   f - Freezing Cloud                 Conjuration/Ice/Air          6
 F - a book of Transfigurations

   Spells                             Type                      Level
   a - Irradiate                      Conjuration/Transmutation    5
   b - Statue Form                    Transmutation/Earth          6
   c - Hydra Form                     Transmutation                6
   d - Dragon Form                    Transmutation                7
 T - a book of Cantrips

   Spells                             Type                      Level
   a - Confusing Touch                Hexes                        1
   b - Animate Skeleton               Necromancy                   1
   c - Summon Small Mammal            Summoning                    1
   d - Apportation                    Translocation                1
Comestibles
 b - 6 meat rations
 i - 7 royal jellies
 k - 2 bread rations
 p - 14 fruits
 P - 2 slices of pizza


   Skills:
 + Level 9.8 Fighting
 + Level 12.7 Dodging
 - Level 3.5 Stealth
 + Level 10.8 Unarmed Combat
 - Level 2.2 Spellcasting
 - Level 1.8 Summonings
 - Level 0.2 Evocations


You had 11 spell levels left.
You knew the following spells:

 Your Spells              Type           Power        Failure   Level  Hunger
a - Summon Small Mammal   Summ           #...         17%         1    ##.....


Dungeon Overview and Level Annotations

Branches:
Dungeon (10/15)            Temple (0/1) D:4            Lair (2/6) D:8
  Swamp: Lair:2-4    Shoals: Lair:2-4     Snake: Lair:2-4    Spider: Lair:2-4
    Orc: D:9-12

Altars:
Dithmenos
Fedhas
Nemelex Xobeh
Trog
Uskayaw
Xom
Yredelemnul

Shops:
D:5 =   D:6 ?

Annotations:
D:10 spiff's ghost, novice HESk
Lair:1 Nergalle


Innate Abilities, Weirdness & Mutations

You cannot wear armour.
You are incapable of wielding weapons or throwing items.
Your paws allow you to move quietly. (Stealth)
You have sharp claws.
You have razor-sharp teeth.
You have supernaturally acute eyesight. (SInv)
You are carnivorous and can eat meat at any time.
You cover ground quickly.
You are covered in thick fur. (AC +2)
You have a slow metabolism.
Your sharp claws are effective at attacking unaware monsters.


Message History

You claw the centaur warrior!
The centaur warrior is lightly wounded.
The centaur warrior misses you.
You claw the centaur warrior! You bite the centaur warrior!
The centaur warrior is heavily wounded.
The centaur warrior hits you.
* * * LOW HITPOINT WARNING * * *
You barely miss the centaur warrior. Your bite misses the centaur warrior.
The centaur warrior is heavily wounded.
The centaur warrior completely misses you.
The centaur warrior hits you!
* * * LOW HITPOINT WARNING * * *
You feel better. The centaur warrior closely misses you.
The centaur warrior misses you.
Spiff's ghost says, "I shall make you my slave for eternity."
You see here 7 arrows.
The centaur warrior wields an uncursed shortbow.
The centaur warrior shoots an arrow.
The arrow hits you!!
Ouch! That really hurt!
You die...

#..####(.......................#
#......(<.........?............#
#.....((.................####..#
#..####..................# #...
#. #..................# #W..
#..................# #..#
#=........c[...(.(.# #..#
#..>......(W....$..# #..#
............@.........# #..#
.......................####..#
..####.........................
. #.........................
#...............######..##
#...............# #..#
...............# #..#
...............# #..#
...............# #..#


You could see a centaur warrior and spiff's ghost.

Vanquished Creatures
  Joseph (D:7)
  A komodo dragon (Lair:2)
  A troll (D:9)
  A queen bee (D:8)
  Prince Ribbit (D:7)
  A blink frog (Lair:1)
  2 yaks (D:10)
  2 steam dragons
  A hungry ghost (D:9)
  A water moccasin (D:9)
  A necrophage (D:7)
  6 black bears
  An ice beast (D:7)
  4 orc warriors
  2 sky beasts
  2 phantoms (D:6)
  5 ogres
  4 centaurs
  A crocodile (D:10)
  7 bullfrogs
  2 gnoll sergeants (D:5)
  A wyvern skeleton (D:8)
  6 scorpions
  25 killer bees
  5 wights (D:8)
  A howler monkey (D:4)
  6 crimson imps
  2 centaur zombies
  2 bullfrog skeletons
  5 orc priests
  A jelly (D:10)
  2 centaur skeletons
  2 hounds
  13 orc wizards
  Jessica (D:2)
  3 iguanas
  Terence (D:3)
  2 gnoll shamans
  5 worker ants
  A killer bee zombie (D:9)
  A hound zombie (D:9)
  2 hound skeletons
  A worker ant zombie (D:6)
  20 gnolls
  13 adders
  4 shadow imps
  2 oozes (D:3)
  An adder zombie (D:8)
  5 dart slugs
  6 leopard geckos
  45 orcs
  11 bats
  9 giant cockroaches
  5 goblins
  11 hobgoblins
  17 jackals
  9 kobolds
  3 quokkas
  2 ball pythons
  7 frilled lizards
  5 rats
310 creatures vanquished.

Vanquished Creatures (collateral kills)
  A worker ant (D:4)
  An orc (D:4)
  A frilled lizard (D:6)
3 creatures vanquished.

Vanquished Creatures (others)
  A yak (D:10)
  A quokka (D:10)
  2 fungi
4 creatures vanquished.

Grand Total: 317 creatures vanquished

Notes
Turn   | Place    | Note
-------+----------+-------------------------------------------
     0 | D:1      | equalderp2856 the Felid Fighter began the quest for the Orb.
     0 | D:1      | Reached XP level 1. HP: 10/10 MP: 2/2
    30 | D:1      | Reached XP level 2. HP: 6/14 MP: 3/3
   617 | D:1      | Reached XP level 3. HP: 14/17 MP: 4/4
  1123 | D:2      | Reached skill level 1 in Stealth
  1283 | D:2      | Reached skill level 5 in Unarmed Combat
  1320 | D:2      | Reached XP level 4. HP: 16/21 MP: 5/5
  1337 | D:2      | Noticed Jessica
  1345 | D:2      | Noticed Terence
  1375 | D:3      | HP: 1/21 [poisoned by an adder]
  1620 | D:2      | Found a blossoming altar of Fedhas.
  1792 | D:2      | Killed Jessica
  2525 | D:3      | Reached XP level 5. HP: 24/24 MP: 6/6
  3054 | D:3      | Killed Terence
  3189 | D:3      | Reached skill level 5 in Dodging
  4369 | D:3      | Learned a level 1 spell: Summon Small Mammal
  4400 | D:4      | Found a staircase to the Ecumenical Temple.
  4823 | D:3      | Gained mutation: You are covered in thick fur. (AC +2) [Felid growth]
  4823 | D:3      | Reached XP level 6. HP: 26/28 MP: 3/7
  5262 | D:4      | Reached skill level 1 in Summonings
  5394 | D:3      | HP: 1/28 [poisoned by a worker ant]
  5805 | D:4      | Reached skill level 1 in Spellcasting
  6937 | D:5      | Entered Level 5 of the Dungeon
  7154 | D:6      | Found Qevom's Magic Scroll Boutique.
  7402 | D:6      | HP: 1/28 [gnoll/club (2)]
  7415 | D:5      | Noticed a sky beast
  7932 | D:4      | Reached XP level 7. HP: 31/31 MP: 11/11
  7997 | D:4      | Splashed by an orc wizard's acid
  7998 | D:4      | Reached XP level 6. HP: -2/28 MP: 9/10
  8073 | D:4      | HP: 1/28 [orc wizard/dagger (2)]
  8495 | D:4      | Reached skill level 6 in Dodging
  8528 | D:4      | Reached XP level 7. HP: 23/32 MP: 11/11
  8724 | D:5      | Found a shadowy altar of Dithmenos.
  8727 | D:5      | Found a shimmering altar of Xom.
  8728 | D:5      | Found a sparkling altar of Nemelex Xobeh.
  9420 | D:5      | Found Daothrefoth's Jewellery Boutique.
  9489 | D:5      | Reached skill level 7 in Dodging
  9747 | D:5      | Reached skill level 5 in Fighting
 10724 | D:5      | Reached XP level 8. HP: 37/37 MP: 12/12
 11459 | D:6      | Reached skill level 8 in Dodging
 11700 | D:6      | Found a basalt altar of Yredelemnul.
 12692 | D:6      | Reached skill level 9 in Dodging
 13184 | D:6      | Reached XP level 9. HP: 42/42 MP: 13/13
 13644 | D:6      | Learned a level 1 spell: Summon Small Mammal
 14100 | D:7      | Identified Sif Muna's Grimoire of Cold and Hexes
 14305 | D:7      | Noticed Prince Ribbit
 14318 | D:7      | Killed Prince Ribbit
 14334 | D:7      | You fall through a shaft for 2 floors!
 14570 | D:8      | Found a staircase to the Lair.
 14941 | D:7      | Noticed Joseph
 15055 | D:7      | Reached skill level 10 in Dodging
 16819 | D:7      | Killed Joseph
 16991 | D:8      | Found a hide-covered altar of Uskayaw.
 16991 | D:8      | Found a bloodstained altar of Trog.
 17112 | D:8      | Reached XP level 10. HP: 38/48 MP: 14/14
 17137 | D:8      | Reached skill level 11 in Dodging
 17777 | D:8      | Slain by a killer bee
 17778 | D:8      | Reached XP level 9. HP: 0/45 MP: 13/13
 17912 | D:8      | Reached skill level 10 in Unarmed Combat
 19592 | Lair:1   | Entered Level 1 of the Lair of Beasts
 19631 | Lair:1   | Noticed Nergalle
 19649 | Lair:2   | Noticed a komodo dragon
 19665 | Lair:2   | Killed a komodo dragon
 20162 | D:9      | Found a blossoming altar of Fedhas.
 20181 | D:10     | Entered Level 10 of the Dungeon
 20491 | D:9      | Reached skill level 12 in Dodging
 20682 | D:9      | Reached XP level 10. HP: 45/49 MP: 14/14
 22666 | D:10     | Noticed spiff's ghost (novice HESk)
 23869 | D:9      | Killed from afar by a steam dragon
 23870 | D:9      | Reached XP level 9. HP: -2/46 MP: 13/13
 24797 | D:10     | Noticed a centaur warrior
 24864 | D:10     | HP: 1/46 [centaur warrior (10)]
 24867 | D:10     | Shot with an arrow by a centaur warrior

Skill      XL: |  1  2  3  4  5  6  7  8  9 10 |
---------------+-------------------------------+-----
Stealth        | 1 2 3 |  3.5
Unarmed Combat | 5 6 7 8 10 | 10.8
Dodging        | 5 6 7 9 12 11 | 12.7
Summonings     | 1 |  1.8
Spellcasting   | 2 |  2.2
Fighting       | 4 5 6 9 |  9.8
Evocations     | |  0.2

Action                   |  1- 3 |  4- 6 |  7- 9 | 10-12 || total
-------------------------+-------+-------+-------+-------++-------
Melee: Unarmed           |   101 |   275 |   633 |   210 ||  1219
       Bite              |     8 |    30 |    72 |    25 ||   135
       Punch             |     1 |     4 |    15 |    14 ||    34
 Cast: Summon Small Mamm |       |    66 |    57 |    40 ||   163
Evoke: Wand              |       |     6 |     7 |     2 ||    15
  Use: Potion            |       |     6 |     2 |       ||     8
       Scroll            |       |     2 |     8 |       ||    10
 Stab: Sleeping          |     1 |     9 |     3 |     1 ||    14
       Distracted        |     1 |     1 |       |     2 ||     4
  Eat: Chunk             |     8 |     8 |    30 |     1 ||    47
       Meat ration       |       |       |       |     1 ||     1
Armor: Skin              |     2 |     7 |    17 |    10 ||    36
Dodge: Dodged            |    67 |   275 |   658 |   348 ||  1348
